 Dungeon Crawl Stone Soup version 0.28.0-47-ge53b351184 (webtiles) character file.

Game seed: 14046524268627537680

283 Woods the Conjurer (level 6, -2/32 HPs)
             Began as a Deep Elf Conjurer on Apr 28, 2022.
             Shot with an arrow by a centaur (7 damage)
             ... on level 4 of the Dungeon.
             The game lasted 00:06:11 (3686 turns).

Woods the Conjurer (Deep Elf Conjurer)              Turns: 3686, Time: 00:06:11

Health: -2/32      AC:  5    Str:  4    XL:     6   Next: 7%
Magic:  12/15      EV: 13    Int: 25    God:
Gold:   140        SH:  0    Dex: 13    Spells: 9/15 levels left

rFire   . . .      SeeInvis .   (no weapon)
rCold   . . .      Faith    .   (no shield)
rNeg    . . .      Spirit   .   a - +0 robe
rPois   .          Reflect  .   (no helmet)
rElec   .          Harm     .   h - +2 cloak
rCorr   .          Rampage  .   (no gloves)
Will    .....                   (no boots)
Stlth   +++.......              (no amulet)
HPRegen 0.10/turn               (no ring)
MPRegen 0.14/turn               (no ring)

@: no status effects
A: no striking features
a: no special abilities


You were on level 4 of the Dungeon.
You visited 1 branch of the dungeon, and saw 4 of its levels.

You collected 140 gold pieces.

Inventory:

Armour
 a - a +0 robe (worn)
 h - a +2 cloak (worn)
Jewellery
 l - a ring of wizardry
Scrolls
 b - 4 scrolls of teleportation {unknown}
 c - a scroll of identify {unknown}
 e - a scroll of noise {unknown}
 f - a scroll of enchant armour {unknown}
 g - a scroll of vulnerability {unknown}
 i - a scroll of enchant weapon {unknown}
 m - a scroll of fog {unknown}
Potions
 d - 2 potions of curing {unknown}
 j - a potion of invisibility {unknown}
 k - a potion of brilliance {unknown}
 n - a potion of lignification {unknown}
 o - a potion of degeneration {unknown}
 p - a potion of haste {unknown}


   Skills:
 + Level 4.3 Dodging
 + Level 4.6 Stealth
 + Level 5.1 Spellcasting
 + Level 5.4 Conjurations


You had 9 spell levels left.
You knew the following spells:

 Your Spells              Type           Power      Damage    Failure   Level
a - Magic Dart            Conj           100%       1d8       1%          1
b - Searing Ray           Conj           66%        2d6       1%          2
c - Dazzling Flash        Conj/Hex       40%        N/A       8%          3

Your spell library contained the following spells:

 Spells                   Type           Power      Damage    Failure   Level
 Blink                    Tloc           12%        N/A       12%         2
 Fulminant Prism          Conj/Hex       10%        3d9       26%         4
 Iskenderun's Mystic Bla  Conj/Tloc      20%        2d6       26%         4
 Manifold Assault         Tloc           6%         N/A       92%         5
 Storm Form               Tmut/Air       3%         N/A       100%        7


Dungeon Overview and Level Annotations

Branches:
Dungeon (4/15)
 Temple: D:4-7

Altars:
The Shining One

Annotations:
D:3 exclusion: scorpion


Message History

Found 11 stones.
A kobold and a centaur come into view.
The kobold shouts!
The centaur shouts!
The centaur wields a +0 shortbow.
The centaur shoots an arrow.
The arrow barely misses you.
There are monsters nearby!
There are monsters nearby!
There are monsters nearby!
Aiming: Magic Dart (safe; 1% risk of failure)
Press: ? - help, Q - select action, (/) - cycle Shift-Dir - straight line, f - kobold
Aim: a kobold, wielding a +0 short sword (100% to hit)
The magic dart hits the kobold.
You kill the kobold!
The centaur shoots an arrow.
The arrow hits you.
The centaur shoots an arrow.
The arrow barely misses you.
Aiming: Magic Dart (safe; 1% risk of failure)
Press: ? - help, Q - select action, (/) - cycle Shift-Dir - straight line, f - centaur
Aim: a centaur, wielding a +0 shortbow and quivering arrows (100% to hit)
The magic dart hits the centaur.
The centaur is lightly wounded.
The centaur shoots an arrow.
The arrow barely misses you.
Aiming: Magic Dart (safe; 1% risk of failure)
Press: ? - help, Q - select action, (/) - cycle Shift-Dir - straight line, f/p - centaur
Aim: a centaur, wielding a +0 shortbow and quivering arrows (lightly wounded, 100% to hit)
The magic dart hits the centaur.
The centaur is lightly wounded.
The centaur shoots an arrow.
The arrow hits you!
The centaur shoots an arrow.
The arrow hits you!
* * * LOW HITPOINT WARNING * * *
Aiming: Magic Dart (safe; 1% risk of failure)
Press: ? - help, Q - select action, (/) - cycle Shift-Dir - straight line, f/p - centaur
Aim: a centaur, wielding a +0 shortbow and quivering arrows (lightly wounded, 100% to hit)
The magic dart hits the centaur!
The centaur is heavily wounded.
The centaur shoots an arrow.
The arrow hits you.
* * * LOW HITPOINT WARNING * * *
The centaur shoots an arrow.
The arrow barely misses you.
There is a large open door here.
The centaur shoots an arrow.
The arrow hits you!
You die...

#...#########
..###...#.....###
#..#.......<....#
#................
##................
##.................
#..................
##..................
#..@..........).....
####''####.............
##≈≈≈..≈≈≈##............
#≈≈≈≈..≈≈≈≈##...........
#≈≈≈≈≈..≈≈≈≈≈##..........
≈≈≈≈≈≈..≈≈≈≈≈≈##........#
≈≈≈≈≈≈..≈≈≈≈≈≈≈##.......#
≈≈≈≈≈≈.c≈≈≈≈≈≈≈≈#.......#
≈≈≈≈≈≈..≈≈≈≈≈≈≈≈#......##


You could see a centaur.

Vanquished Creatures
  A necrophage (D:4)
  A centaur skeleton (D:3)
  2 hound skeletons (D:3)
  4 adders
  An adder skeleton (D:3)
  2 adder zombies (D:3)
  2 worms (D:2)
  2 dart slugs
  3 orcs (D:3)
  13 ball pythons
  8 endoplasms
  5 giant cockroaches
  6 goblins
  5 hobgoblins
  A jackal (D:2)
  9 kobolds
  6 quokkas
  A ball python skeleton (D:3)
  6 bats
  5 frilled lizards
  2 quokka zombies (D:3)
  2 rats
87 creatures vanquished.

Notes
Turn   | Place    | Note
-------+----------+-------------------------------------------
     0 | D:1      | Woods the Deep Elf Conjurer began the quest for the Orb.
     0 | D:1      | Reached XP level 1. HP: 10/10 MP: 6/6
   102 | D:1      | Found a faded altar of an unknown god.
   223 | D:1      | Reached XP level 2. HP: 15/15 MP: 5/8
   698 | D:2      | Reached XP level 3. HP: 19/19 MP: 7/10
   701 | D:2      | Learned a level 2 spell: Searing Ray
   705 | D:2      | Learned a level 3 spell: Dazzling Flash
  1511 | D:2      | Reached XP level 4. HP: 24/24 MP: 8/12
  2212 | D:3      | Noticed a scorpion
  2349 | D:3      | Reached skill level 5 in Conjurations
  2471 | D:3      | Reached XP level 5. HP: 28/28 MP: 6/13
  3353 | D:4      | Found a glowing golden altar of the Shining One.
  3445 | D:4      | Noticed a necrophage
  3460 | D:4      | Killed a necrophage
  3461 | D:4      | Reached skill level 5 in Spellcasting
  3461 | D:4      | Reached XP level 6. HP: 32/32 MP: 7/15
  3686 | D:4      | Shot with an arrow by a centaur

Illustrated notes

Levels and vault maps discovered:
D:1:      eino_arrival_cavern_a, layout_rooms, basic_ecumenical_altar,
          kennysheep_minor_cross, minivault_19
D:2:      minmay_chambers_of_ones, layout_loops_ring, minmay_guardbox
D:3:      layout_basic, serial_undead, serial_undead_e, serial_undead_e,
          serial_undead_b, serial_undead_f, serial_undead_f, serial_undead_b,
          serial_undead_d, serial_undead_e, st_stairs_14, minmay_unequal
D:4:      kennysheep_big_flooded_room, layout_cave_pods,
          amethyst_overflow_temple_binary, mainiacjoe_overflow_small_starburst

Skill      XL: |  1  2  3  4  5 |
---------------+----------------+-----
Dodging        | 3 4 |  4.3
Stealth        | 3 4 |  4.6
Spellcasting   | 4 5 |  5.1
Conjurations   | 5 |  5.4

Action                   |  1- 3 |  4- 6 || total
-------------------------+-------+-------++-------
Melee: Unarmed           |     1 |       ||     1
 Cast: Magic Dart        |    79 |   100 ||   179
       Searing Ray       |       |     3 ||     3
Armor: Robe              |     5 |     6 ||    11
Dodge: Dodged            |     7 |    13 ||    20
